 Dungeon Crawl Stone Soup version 0.30.0-19-g36f170ea60 (webtiles) character file.

Game seed: 14582419258713773687

1450 jasper the Sneak (level 8, 0/40 HPs)
             Began as a Spriggan Earth Elementalist on May 27, 2023.
             Was an Initiate of Sif Muna.
             Killed by divine providence
             ... invoked by an orc priest
              (12 damage)
             ... on level 7 of the Dungeon.
             The game lasted 00:10:02 (6393 turns).

jasper the Sneak (Spriggan Earth Elementalist)      Turns: 6393, Time: 00:10:02

Health: 0/40       AC:  5    Str:  4    XL:     8   Next: 47%
Magic:  11/15      EV: 20    Int: 18    God:    Sif Muna [......]
Gold:   361        SH:  0    Dex: 16    Spells: 2/15 levels left

rFire   . . .        n - +0 war axe (venom)
rCold   . . .        (no shield)
rNeg    . . .        a - +1 robe
rPois   +            (helmet restricted)
rElec   .            w - +1 cloak {rPois}
rCorr   .            (gloves unavailable)
SInv    +            (boots unavailable)
Will    +....        (no amulet)
Stlth   +++          (no ring)
HPRegen 0.26/turn    (no ring)
MPRegen 0.14/turn

%: no passive effects
@: very quick
A: very small, no large weapons, unfitting armour, see invisible, speed 3
a: Renounce Religion


You were on level 7 of the Dungeon.
You worshipped Sif Muna.
Sif Muna was noncommittal.
You visited 2 branches of the dungeon, and saw 8 of its levels.

You collected 397 gold pieces.
You spent 36 gold pieces at shops.

Inventory:

Hand Weapons
 c - a +1 short sword
 l - a +0 trident
 n - a +0 war axe of venom (weapon)
 s - a +0 rapier
Missiles
 d - 57 stones
 e - 12 poisoned darts
 v - a throwing net
Armour
 a - a +1 robe (worn)
 p - a scarf of repulsion
 w - a +1 cloak of poison resistance (worn)
Wands
 u - a wand of paralysis (16)
 B - a wand of acid (8)
Scrolls
 m - 3 scrolls of enchant weapon
 q - 2 scrolls of fog
 r - 2 scrolls of amnesia
Potions
 b - 3 potions of magic
 f - 2 potions of haste
 g - a potion of berserk rage
 h - 2 potions of brilliance
 i - a potion of degeneration
 j - 2 potions of heal wounds
 k - 6 potions of curing
 o - 3 potions of flight
 t - a potion of invisibility
 z - a potion of mutation


   Skills:
 - Level 3.0 Fighting
 - Level 5.8 Dodging
 - Level 6.7 Stealth
 - Level 4.0 Spellcasting
 - Level 2.8 Conjurations
 + Level 2.4 Summonings
 + Level 4.4 Translocations
 - Level 1.3 Transmutations
 - Level 4.8 Earth Magic


You had 2 spell levels left.
You knew the following spells:

 Your Spells              Type           Power      Damage    Failure   Level
a - Sandblast             Erth           42%        2d11      1%          1
b - Passwall              Tmut/Erth      11%        N/A       6%          2
c - Stone Arrow           Conj/Erth      34%        3d9       9%          3
d - Malign Gateway        Summ/Tloc      8%         N/A       100%        7

Your spell library contained the following spells:

 Spells                   Type           Power      Damage    Failure   Level
 Magic Dart               Conj           52%        1d5       4%          1
 Searing Ray              Conj           26%        2d5       7%          2
 Foxfire                  Conj/Fire      32%        2x1d5     9%          1
 Kiss of Death            Conj/Necr      32%        2d7       9%          1
 Scorch                   Fire           6%         2d5       22%         2
 Portal Projectile        Hex/Tloc       22%        N/A       19%         3
 Vhi's Electric Charge    Tloc/Air       22%        N/A       19%         3
 Petrify                  Tmut/Erth      14%        N/A       38%         4
 Tukima's Dance           Hex            3%         N/A       41%         3
 Flame Wave               Conj/Fire      8%         2d5       63%         4
 Fulminant Prism          Conj/Hex       4%         3d5       63%         4
 Iskenderun's Battlesphe  Conj           13%        2d7       77%         5
 Fireball                 Conj/Fire      4%         3d4       92%         5
 Yara's Violent Unravell  Hex/Tmut       3%         3d4       97%         5
 Dispersal                Tloc           9%         N/A       98%         6
 Conjure Ball Lightning   Conj/Air       4%         3x3d6     100%        6
 Orb of Destruction       Conj           6%         9d6       100%        7
 Chain Lightning          Conj/Air       4%         3d5       100%        9


Dungeon Overview and Level Annotations

Branches:
Dungeon (7/15)             Temple (1/1) D:4

Altars:
Ashenzari
Dithmenos
Elyvilon
Gozag
Makhleb
Nemelex Xobeh
Qazlal
Sif Muna
Trog
Uskayaw
Wu Jian
Yredelemnul
Zin
The Shining One

Shops:
D:2 =   D:6 *


Innate Abilities, Weirdness & Mutations

You are very small and have problems with some larger weapons.
You are too small for most types of armour.
You have supernaturally acute eyesight. (SInv)
You cover ground extremely quickly. (Speed+++)


Message History

Beogh smites you!
The orc shouts!
You take 16 damage, and have 24/40 hp.
MASSIVE DAMAGE!!
You now have 13/15 mp.
You are too injured to fight recklessly!
Casting: Sandblast (safe; 1% risk of failure)
Confirm with . or Enter, or press ? or * to list all spells.
Aiming: Sandblast (safe; 1% risk of failure)
Press: ? - help, Shift-Dir - straight line, f/p - orc priest
Aim: an orc priest, wielding a +0 short sword (almost dead, 83% to hit)
The blast of sand hits the orc priest!!
You kill the orc priest!
Sif Muna accepts your kill.
The orc wizard shouts!
The orc hits you with a +0 hand axe.
You take 1 damage, and have 23/40 hp.
You now have 12/15 mp.
Casting: Sandblast (safe; 1% risk of failure)
Confirm with . or Enter, or press ? or * to list all spells.
Aiming: Sandblast (safe; 1% risk of failure)
Press: ? - help, Shift-Dir - straight line, f - orc
Aim: an orc, wielding a +0 hand axe (83% to hit)
The blast of sand hits the orc!
You kill the orc!
Sif Muna accepts your kill.
The orc priest calls down the wrath of Beogh upon you.
Beogh smites you!
* * * LOW HITPOINT WARNING * * *
The orc completely misses you.
You take 11 damage, and have 12/40 hp.
MASSIVE DAMAGE!!
You now have 11/15 mp.
Casting: Sandblast (safe; 1% risk of failure)
Confirm with . or Enter, or press ? or * to list all spells.
Aiming: Sandblast (safe; 1% risk of failure)
Press: ? - help, Shift-Dir - straight line, f - orc
Aim: an orc, wielding a +0 flail and wearing a +0 ring mail (85% to hit)
The blast of sand hits the orc but does no damage.
The orc completely misses you.
The orc wizard gestures at you while chanting.
The puff of flame misses you.
The orc priest invokes the aid of Beogh against you.
Beogh smites you!
You die...

?...... #......
....... .......
.......#......#
#............#
?............#
#............
......)...#
......o@..#
......oo..#
............#
...........##
............#
####.......##
##......#
#.......


You could see an orc priest, an orc wizard and an orc.

Vanquished Creatures
  Grinder (D:3)
  Sigmund (D:5)
  A water moccasin (D:6)
  2 ogres (D:5)
  2 phantoms
  A scorpion (D:5)
  2 jellies
  3 orc priests
  3 hounds
  An iguana (D:5)
  3 orc wizards (D:6)
  7 adders
  4 gnolls (D:3)
  A white imp (D:6)
  An ufetubus (D:4)
  3 worms
  9 dart slugs (D:3)
  19 orcs
  8 ball pythons
  7 bats
  9 endoplasms
  2 giant cockroaches
  5 goblins
  8 hobgoblins
  7 jackals
  5 quokkas
  5 frilled lizards
  11 kobolds
  5 rats
136 creatures vanquished.

Notes
Turn   | Place    | Note
-------+----------+-------------------------------------------
     0 | D:1      | jasper the Spriggan Earth Elementalist began the quest for
                  | the Orb.
     0 | D:1      | Reached XP level 1. HP: 9/9 MP: 5/5
   175 | D:1      | Reached XP level 2. HP: 13/13 MP: 4/7
   297 | D:1      | Learned a level 2 spell: Passwall
   625 | D:1      | Reached XP level 3. HP: 16/16 MP: 6/9
   629 | D:1      | Learned a level 3 spell: Stone Arrow
  1075 | D:2      | Reached skill level 1 in Conjurations
  1084 | D:2      | Reached XP level 4. HP: 21/21 MP: 4/11
  1268 | D:2      | Found a faded altar of an unknown god.
  1370 | D:2      | Found Piumest's Jewellery Boutique.
  2099 | D:3      | Found a shimmering blue altar of Sif Muna.
  2209 | D:3      | Reached XP level 5. HP: 24/24 MP: 10/12
  2210 | D:3      | Noticed Grinder
  2224 | D:3      | Paralysed by Grinder for 3 turns
  2228 | D:3      | Killed Grinder
  2229 | D:3      | Reached XP level 6. HP: 24/28 MP: 8/13
  2952 | D:4      | Got the Vellum of Heated Bad Luck
  2958 | D:4      | Reached skill level 1 in Fighting
  3095 | D:4      | Reached skill level 4 in Stealth
  3104 | D:4      | Found a staircase to the Ecumenical Temple.
  3113 | Temple   | Entered the Ecumenical Temple
  3493 | D:4      | Found an ornate altar of the Wu Jian Council.
  3645 | D:4      | Reached XP level 7. HP: 33/33 MP: 11/14
  4276 | D:5      | Entered Level 5 of the Dungeon
  4280 | D:5      | Reached skill level 5 in Stealth
  4415 | D:5      | Noticed Sigmund
  4420 | D:5      | Killed Sigmund
  4421 | D:5      | Reached skill level 5 in Dodging
  4453 | D:5      | Reached skill level 6 in Stealth
  4789 | D:5      | Reached XP level 8. HP: 40/40 MP: 11/15
  5059 | D:5      | Identified a scroll of acquirement
  5159 | D:5      | Acquired the Disquisition on the Door and Arcane Combat
  5169 | D:5      | Learned a level 7 spell: Malign Gateway
  5269 | D:3      | Became a worshipper of Sif Muna the Loreminder
  5367 | D:6      | Reached skill level 1 in Translocations
  5460 | D:6      | Reached skill level 1 in Summonings
  5524 | D:6      | Acquired a +1 cloak of poison resistance
  5678 | D:6      | Found a basalt altar of Yredelemnul.
  6099 | D:6      | Found Ycyw's General Store.
  6102 | D:6      | Bought a potion of curing for 36 gold pieces
  6393 | D:7      | Killed from afar by an orc priest

Illustrated notes

Levels and vault maps discovered:
D:1:      dpeg_arrival_rooms_b, layout_basic, minmay_crystal_water
D:2:      layout_rooms, shapermc_ecumenical_altar_mp_vishouse, serial_shops,
          nicolae_shop_behind_doors, lightli_corner_chamber
D:3:      kennysheep_slugbush, layout_basic, mainiacjoe_overflow_alcove_4,
          kennysheep_minor_cross, minmay_joined_circles, uniq_grinder
D:4:      layout_basic, amcnicky_altar_gilded, minmay_temple_entry_arrows,
          serial_bayou_pond_a
D:5:      layout_gridville, grunt_ministairs_8, uniq_sigmund
D:6:      layout_basic, mainiacjoe_overflow_small_starburst, serial_shops,
          kennysheep_mini_moat, corexii_leaking_fountain
D:7:      layout_cave_pools, serial_shops, shop, minmay_misc_feat_room,
          dk_noncrumbling_2, uniq_menkaure
Temple:   minmay_temple_curvy_loop

Skill      XL: |  1  2  3  4  5  6  7  8 |
---------------+-------------------------+-----
Spellcasting   | 3 4 |  4.0
Earth Magic    | 3 4 |  4.8
Conjurations   | 1 2 |  2.8
Dodging        | 4 5 |  5.8
Fighting       | 1 3 |  3.0
Stealth        | 4 6 |  6.7
Translocations | 4 |  4.4
Summonings     | 2 |  2.4
Transmutations | |  1.3

Action                     |  1- 3 |  4- 6 |  7- 9 || total
---------------------------+-------+-------+-------++-------
  Melee: Short sword       |    19 |       |       ||    19
         Trident           |       |     6 |       ||     6
         War axe           |       |     1 |       ||     1
  Throw: Stone             |       |     3 |       ||     3
         Dart              |       |     2 |       ||     2
   Cast: Sandblast         |    58 |   101 |    69 ||   228
         Stone Arrow       |       |       |     2 ||     2
    Use: Scroll            |     4 |     7 |    11 ||    22
 Armour: Robe              |     5 |     3 |     4 ||    12
  Dodge: Dodged            |    30 |    30 |    42 ||   102
